AoeStats
← Recnec

Oasis

507493717Analyzed
2v2 RM · 14d ago on Sep 18, 2026· 50m 39s· 4 players
Game mode
Random Map
Map size
Medium (4 player)
Population
200
Speed
Normal
Resources
Standard
Victory
Conquest
Starting age
Dark Age
Ending age
Imperial Age
RankedLock teamsTeams togetherTeam positionsShared explorationLock speedFull tech treeHidden civsTurbo modeCheats
Victory
Defeat
🇪🇸 Koreans · Spain
977
+17
🇪🇸 Vikings · Spain
970
+17
🇺🇸 Maya · United States
996
-17
🇦🇷 Byzantines · Argentina
996
-17
Draek
11:35 Feudal Age
17:53 Castle Age
16:18 Horse Collar
16:53 Double-Bit Axe
20:08 Loom
25:21 Scale Mail Armor
27:31 Gold Mining
27:31 Stone Mining
27:56 Forging
27:17 Crossbowman
28:32 Fletching
29:23 Iron Casting
29:20 Gambesons
30:08 Squires
33:36 Imperial Age
30:55 Town Watch
33:49 Gold Shaft Mining
33:34 Elite Skirmisher
35:53 Chain Mail Armor
36:39 Blast Furnace
35:14 Cavalier
37:47 Bodkin Arrow
38:19 Chieftains
37:40 Elite Berserk
38:44 Conscription
43:21 Plate Mail Armor
44:01 Arson
46:43 Bracer
46:44 Padded Archer Armor
46:50 Scale Barding Armor
48:27 Leather Archer Armor
49:16 Ballistics
49:57 Chemistry
50:58 Ring Archer Armor
51:04 Chain Barding Armor
Recnec
8:33 Loom
10:41 Feudal Age
11:16 Double-Bit Axe
14:48 Gold Mining
16:02 Wheelbarrow
15:26 Fletching
22:00 Castle Age
22:15 Crossbowman
22:53 Bodkin Arrow
23:05 Thumb Ring
25:07 Hand Cart
29:33 Ballistics
32:52 Bow Saw
37:02 Gold Shaft Mining
36:20 Stone Mining
38:29 Town Watch
41:27 Town Patrol
47:44 Imperial Age
46:30 Masonry
48:10 Eupseong
48:58 Conscription
48:07 Arbalester
48:53 Bracer
50:59 Chemistry
50:31 Architecture
50:07 Siege Engineers
50:14 Elite War Wagon
TheByst12
11:01 Feudal Age
12:02 Double-Bit Axe
17:18 Castle Age
19:44 Bow Saw
19:59 Gold Mining
22:37 Husbandry
24:56 Elite Skirmisher
27:45 Fletching
30:55 Thumb Ring
31:49 Forging
32:57 Horse Collar
35:14 Stone Mining
35:54 Greek Fire
36:54 Wheelbarrow
36:40 Bodkin Arrow
37:20 Iron Casting
40:42 Imperial Age
39:01 Gold Shaft Mining
39:08 Scale Barding Armor
39:42 Iron Casting
41:25 Chain Barding Armor
43:15 Logistica
Giorda5929
0:31 Loom
11:11 Feudal Age
13:51 Double-Bit Axe
17:59 Castle Age
18:50 Stone Mining
19:00 Fletching
19:22 Bow Saw
21:19 Horse Collar
22:42 Bodkin Arrow
27:28 Ballistics
28:20 Heavy Plow
28:45 Squires
29:19 Padded Archer Armor
29:47 Eagle Warrior
30:45 Leather Archer Armor
30:49 Town Watch
33:24 Wheelbarrow
32:50 Town Patrol
34:36 Gold Mining
35:21 Stone Shaft Mining
40:37 Imperial Age
41:01 Elite Plumed Archer
42:01 Conscription
42:11 Conscription
42:23 Holcans
42:15 Scale Mail Armor
43:53 Elite Eagle Warrior
46:19 Bracer
46:31 Forging
47:31 Guilds
50:57 Ring Archer Armor
51:03 Iron Casting
Connection lost

Rejoining the realm…

Still unreachable

The connection could not be restored.

Session expired

The server has moved on; the page needs a fresh start.